ITL
CAPE COD CLAMS @ ALLENTOWN HILLBILLIES
09/13/2025
 
TOP OF THE 1ST
Cape Cod Clams batting - Pitching for Allentown Hillbillies : RHP Okura Oike
Pitching: RHP Okura Oike
Batting: SHB Edgardo Osorio 0-0: Called Strike
0-1: Ball
1-1: Ball
2-1: Ball
3-1: Foul Ball, location: 2F
3-2: Foul Ball, location: 2F
3-2: Base on Balls
Batting: RHB Justin Schultz 0-0: Ball
1-0: SINGLE (Line Drive, 8RS)
Edgardo Osorio to second
Batting: SHB Rob Grun 0-0: Called Strike
0-1: SINGLE (Line Drive, 56)
Edgardo Osorio to third
Justin Schultz to second
Batting: RHB Héctor Jiménez 0-0: Called Strike
0-1: Called Strike
0-2: Ball
1-2: Foul Ball, location: 2F
1-2: Strikes out swinging
Batting: SHB Andrés Díaz 0-0: Ball
1-0: Ball
2-0: Ball
3-0: Called Strike
3-1: Foul Ball, location: 2F
3-2: Strikes out looking
Batting: RHB Ramón Morales 0-0: Ball
1-0: Called Strike
1-1: Foul Ball, location: 2F
1-2: Ball
2-2: SINGLE (Groundball, 34D)
Edgardo Osorio scores
Justin Schultz to third
Rob Grun to second
Runner from 3rd tries for Home, SAFE, no throw or cutoff
Batting: RHB Juan Marín 0-0: Ball
1-0: Ball
2-0: Foul Ball, location: 2F
2-1: Ball
3-1: Ground out 4-3 (Groundball, 4)
Top of the 1st over - 2 run(s), 3 hit(s), 0 error(s), 2 left on base; Cape Cod 2 - Allentown 0
BOTTOM OF THE 1ST
Allentown Hillbillies batting - Pitching for Cape Cod Clams : RHP Miguel Díaz
Pitching: RHP Miguel Díaz
Batting: RHB Chad Huggins 0-0: Ball
1-0: Swinging Strike
1-1: Called Strike
1-2: Ball
2-2: SINGLE (Groundball, 6MD)
Batting: LHB José Esparza 0-0: Grounds into double play, 4-6-3 (Groundball, 4)
Batting: RHB Diego Rivera 0-0: Ball
1-0: Ground out 6-3 (Groundball, 6)
Bottom of the 1st over - 0 run(s), 1 hit(s), 0 error(s), 0 left on base; Cape Cod 2 - Allentown 0
TOP OF THE 2ND
Cape Cod Clams batting - Pitching for Allentown Hillbillies : RHP Okura Oike
Batting: RHB Brant Sherman 0-0: Ball
1-0: Ball
2-0: Ball
3-0: Base on Balls
Batting: SHB Ed Dale 0-0: Ball
1-0: Called Strike
1-1: Foul Ball, location: 2F
1-2: Strikes out swinging
Batting: SHB Edgardo Osorio 0-0: Ball
1-0: Called Strike
1-1: Swinging Strike
1-2: SINGLE (Flyball, 89S)
Brant Sherman to second
Runner from 2nd tries for 3rd, SAFE, no throw or cutoff
Batting: RHB Justin Schultz 0-0: Called Strike
0-1: Called Strike
0-2: Ball
1-2: Grounds into double play, 6-4-3 (Groundball, 6)
Top of the 2nd over - 0 run(s), 1 hit(s), 0 error(s), 1 left on base; Cape Cod 2 - Allentown 0
BOTTOM OF THE 2ND
Allentown Hillbillies batting - Pitching for Cape Cod Clams : RHP Miguel Díaz
Batting: SHB Oliver Deleón 0-0: Ball
1-0: Ball
2-0: Ball
3-0: Called Strike
3-1: Base on Balls
Batting: RHB Millard Stark 0-0: Called Strike
0-1: Ball
1-1: Ball
2-1: Fly out, F4 (Line Drive, 4)
Batting: RHB José Mora 0-0: Ball
1-0: Called Strike
1-1: Grounds into double play, 4-6-3 (Groundball, 4)
Bottom of the 2nd over - 0 run(s), 0 hit(s), 0 error(s), 0 left on base; Cape Cod 2 - Allentown 0
TOP OF THE 3RD
Cape Cod Clams batting - Pitching for Allentown Hillbillies : RHP Okura Oike
Batting: SHB Rob Grun 0-0: SINGLE (Groundball, 4MD)
Batting: RHB Héctor Jiménez 0-0: Foul Ball, location: 2F
0-1: Ball
1-1: Ball
2-1: Grounds into double play, 3-6-3 (Groundball, 3)
Batting: SHB Andrés Díaz 0-0: Foul Ball, location: 2F
0-1: Foul Ball, location: 2F
0-2: Foul Ball, location: 2F
0-2: Ball
1-2: Reached on error, E5 (Groundball, 56)
Batting: RHB Ramón Morales 0-0: Ball
1-0: Called Strike
1-1: Ball
2-1: Called Strike
2-2: Foul Ball, location: 2F
2-2: Hit by Pitch
Andrés Díaz to second
Batting: RHB Juan Marín 0-0: Ball
1-0: Foul Ball, location: 2F
1-1: DOUBLE (Flyball, 78D)
Andrés Díaz scores
Ramón Morales to third
Runner from 3rd tries for Home, SAFE, no throw or cutoff
Batting: RHB Brant Sherman 0-0: Ball
1-0: Swinging Strike
1-1: Ball
2-1: Foul Ball, location: 2F
2-2: Ball
3-2: Ground out 5-3 (Groundball, 56)
Top of the 3rd over - 2 run(s), 2 hit(s), 1 error(s), 1 left on base; Cape Cod 4 - Allentown 0
BOTTOM OF THE 3RD
Allentown Hillbillies batting - Pitching for Cape Cod Clams : RHP Miguel Díaz
Batting: LHB Fernando Ramos 0-0: Reached on error, E5 (Groundball, 5S)
Batting: SHB Juan Acevado 0-0: Ball
1-0: Called Strike
1-1: Fly out, F6 (Line Drive, 6)
Batting: LHB Rafael Flores 0-0: Ball
1-0: Ball
2-0: Called Strike
2-1: Grounds into double play, 4-6-3 (Groundball, 4)
Bottom of the 3rd over - 0 run(s), 0 hit(s), 1 error(s), 0 left on base; Cape Cod 4 - Allentown 0
TOP OF THE 4TH
Cape Cod Clams batting - Pitching for Allentown Hillbillies : RHP Okura Oike
Batting: SHB Ed Dale 0-0: DOUBLE (Flyball, 9LM)
Batting: SHB Edgardo Osorio 0-0: Called Strike
0-1: Swinging Strike
0-2: Ball
1-2: Strikes out swinging
Pitching: RHP Drew Schaefer
Batting: RHB Justin Schultz 0-0: Ground out 1-3 (Groundball, 13)
Ed Dale to third
Batting: SHB Rob Grun 0-0: Called Strike
0-1: Ball
1-1: Ball
2-1: Foul Ball, location: 2F
2-2: SINGLE (Groundball, 4M)
Ed Dale scores
Batting: RHB Héctor Jiménez 0-0: Ball
1-0: Called Strike
1-1: Called Strike
1-2: Strikes out swinging
Top of the 4th over - 1 run(s), 2 hit(s), 0 error(s), 1 left on base; Cape Cod 5 - Allentown 0
BOTTOM OF THE 4TH
Allentown Hillbillies batting - Pitching for Cape Cod Clams : RHP Miguel Díaz
Batting: RHB Chad Huggins 0-0: Foul Ball, location: 2F
0-1: Foul Ball, location: 2F
0-2: Hit by Pitch
Batting: LHB José Esparza 0-0: Called Strike
0-1: Foul Ball, location: 2F
0-2: Ball
1-2: Foul Ball, location: 2F
1-2: Ball
2-2: Foul Ball, location: 2F
2-2: DOUBLE (Flyball, 9LM)
Chad Huggins to third
Batting: RHB Diego Rivera 0-0: Ball
1-0: Ball
2-0: Foul Ball, location: 2F
2-1: Foul Ball, location: 2F
2-2: Ball
3-2: Base on Balls
Batting: SHB Oliver Deleón 0-0: Ball
1-0: Swinging Strike
1-1: Ball
2-1: Ball
3-1: Fly out, F8 (Flyball, 8RD)
Runner from 3rd tags up, SCORES, no throw
Batting: RHB Millard Stark 0-0: Ball
1-0: Called Strike
1-1: Foul Ball, location: 2F
1-2: Strikes out swinging
Batting: RHB José Mora 0-0: Ball
1-0: Ball
2-0: Called Strike
2-1: Ball
3-1: Base on Balls
José Esparza to third
Diego Rivera to second
Batting: LHB Fernando Ramos 0-0: Swinging Strike
0-1: Fly out, F8 (Flyball, 78M)
Bottom of the 4th over - 1 run(s), 1 hit(s), 0 error(s), 3 left on base; Cape Cod 5 - Allentown 1
TOP OF THE 5TH
Cape Cod Clams batting - Pitching for Allentown Hillbillies : RHP Drew Schaefer
Batting: SHB Andrés Díaz 0-0: Called Strike
0-1: Ball
1-1: Ball
2-1: Foul Ball, location: 2F
2-2: Ball
3-2: Base on Balls
Batting: RHB Ramón Morales 0-0: Called Strike
0-1: SINGLE (Line Drive, 78M)
Andrés Díaz to second
Batting: RHB Juan Marín 0-0: Ball
1-0: Ball
2-0: Ball
3-0: Base on Balls
Andrés Díaz to third
Ramón Morales to second
Batting: RHB Brant Sherman 0-0: Called Strike
0-1: Swinging Strike
0-2: Ball
1-2: Strikes out looking
Batting: SHB Ed Dale 0-0: Foul Ball, location: 2F
0-1: Ball
1-1: Called Strike
1-2: Ball
2-2: Strikes out swinging
Batting: SHB Edgardo Osorio 0-0: Called Strike
0-1: SINGLE (Groundball, 34)
Andrés Díaz scores
Ramón Morales to third
Juan Marín to second
Runner from 3rd tries for Home, SAFE, no throw or cutoff
Batting: RHB Justin Schultz 0-0: Called Strike
0-1: Foul Ball, location: 2F
0-2: Ball
1-2: SINGLE (Groundball, 4D)
Juan Marín to third
Edgardo Osorio to second
Runner from 3rd tries for Home, SAFE, no throw or cutoff
Pitching: RHP Ismael Velásquez
Batting: SHB Rob Grun 0-0: Ball
1-0: Called Strike
1-1: Ball
2-1: Ball
3-1: Called Strike
3-2: Strikes out swinging
Top of the 5th over - 3 run(s), 3 hit(s), 0 error(s), 2 left on base; Cape Cod 8 - Allentown 1
BOTTOM OF THE 5TH
Allentown Hillbillies batting - Pitching for Cape Cod Clams : RHP Miguel Díaz
Batting: SHB Juan Acevado 0-0: Called Strike
0-1: Ball
1-1: Ball
2-1: Ball
3-1: Called Strike
3-2: Foul Ball, location: 2F
3-2: Foul Ball, location: 2F
3-2: DOUBLE (Line Drive, 7LM)
Batting: LHB Rafael Flores 0-0: Ball
1-0: Ball
2-0: Called Strike
2-1: Called Strike
2-2: Ball
3-2: Strikes out swinging
Batting: RHB Chad Huggins 0-0: Ball
1-0: Fly out, F9 (Flyball, 89M)
Batting: LHB José Esparza 0-0: Called Strike
0-1: Called Strike
0-2: Fly out, F6 (Popup, 6M)
Bottom of the 5th over - 0 run(s), 1 hit(s), 0 error(s), 1 left on base; Cape Cod 8 - Allentown 1
TOP OF THE 6TH
Cape Cod Clams batting - Pitching for Allentown Hillbillies : RHP Ismael Velásquez
Batting: RHB Héctor Jiménez 0-0: Ball
1-0: Called Strike
1-1: Fly out, F4 (Popup, 3DF)
Batting: SHB Andrés Díaz 0-0: Called Strike
0-1: Ball
1-1: Ball
2-1: Foul Ball, location: 2F
2-2: Foul Ball, location: 2F
2-2: Ball
3-2: Foul Ball, location: 2F
3-2: Foul Ball, location: 2F
3-2: Base on Balls
Batting: RHB Ramón Morales 0-0: Called Strike
0-1: Called Strike
0-2: DOUBLE (Line Drive, 7LD)
Andrés Díaz to third
Batting: RHB Juan Marín 0-0: Ball
1-0: Ball
2-0: Called Strike
2-1: DOUBLE (Flyball, 89XD)
Andrés Díaz scores
Ramón Morales scores
Batting: RHB Brant Sherman 0-0: Ball
1-0: Called Strike
1-1: Ball
2-1: Foul Ball, location: 2F
2-2: Foul Ball, location: 2F
2-2: Fly out, F8 (Flyball, 8LD)
Runner from 2nd tags up, SAFE at 3rd, no throw
Batting: SHB Ed Dale 0-0: Ball
1-0: Ball
2-0: Ball
3-0: Base on Balls
Batting: SHB Edgardo Osorio 0-0: SINGLE (Groundball, 6M) (infield hit)
Juan Marín scores
Ed Dale to second
Pitching: LHP Alejandro Castillo
Batting: RHB Justin Schultz 0-0: SINGLE (Flyball, 9S)
Ed Dale to third
Edgardo Osorio to second
Runner from 3rd tries for Home, SAFE, no throw or cutoff
Batting: SHB Rob Grun 0-0: Called Strike
0-1: Ball
1-1: Ground out 5-3 (Groundball, 56)
Top of the 6th over - 4 run(s), 4 hit(s), 0 error(s), 2 left on base; Cape Cod 12 - Allentown 1
BOTTOM OF THE 6TH
Allentown Hillbillies batting - Pitching for Cape Cod Clams : RHP Miguel Díaz
Batting: RHB Diego Rivera 0-0: Ball
1-0: Called Strike
1-1: SINGLE (Groundball, 6M)
Batting: SHB Oliver Deleón 0-0: Ball
1-0: Ball
2-0: Ball
3-0: Called Strike
3-1: Base on Balls
Diego Rivera to second
Batting: RHB Millard Stark 0-0: Fielders Choice at 2nd, 6-4 (Groundball, 56)
Diego Rivera to third
Pinch Hitting: RHB Enrique Bermúdez 0-0: Fielders Choice at 2nd, 3-6 (Groundball, 3)
Diego Rivera scores
Batting: LHB Fernando Ramos 0-0: Ball
1-0: Ball
2-0: Called Strike
2-1: Ball
3-1: Fly out, F7 (Flyball, 7M)
Bottom of the 6th over - 1 run(s), 1 hit(s), 0 error(s), 1 left on base; Cape Cod 12 - Allentown 2
TOP OF THE 7TH
Cape Cod Clams batting - Pitching for Allentown Hillbillies : LHP Alejandro Castillo
Now at 2B: Enrique Bermúdez
Batting: RHB Héctor Jiménez 0-0: Ball
1-0: Ball
2-0: Swinging Strike
2-1: DOUBLE (Line Drive, 3D)
Batting: SHB Andrés Díaz 0-0: Ball
1-0: Ground out 5-3 (Groundball, 56)
Batting: RHB Ramón Morales 0-0: Ground out 4-3 (Groundball, 4)
Héctor Jiménez to third
Batting: RHB Juan Marín 0-0: Called Strike
0-1: Ground out 4-3 (Groundball, 4)
Top of the 7th over - 0 run(s), 1 hit(s), 0 error(s), 1 left on base; Cape Cod 12 - Allentown 2
BOTTOM OF THE 7TH
Allentown Hillbillies batting - Pitching for Cape Cod Clams : RHP Miguel Díaz
Pitching: RHP Brock Brown
Batting: SHB Juan Acevado 0-0: Fly out, F8 (Flyball, 8RXD)
Batting: LHB Rafael Flores 0-0: Called Strike
0-1: SOLO HOME RUN (Flyball, 7D), Distance : 378 ft
Batting: RHB Chad Huggins 0-0: Ball
1-0: Ground out 5-3 (Groundball, 56S)
Batting: LHB José Esparza 0-0: Ball
1-0: Foul Ball, location: 2F
1-1: Ball
2-1: Foul Ball, location: 2F
2-2: Foul Ball, location: 2F
2-2: SINGLE (Groundball, 3D)
Batting: RHB Diego Rivera 0-0: Ball
1-0: Foul Ball, location: 2F
1-1: Called Strike
1-2: Ball
2-2: Strikes out swinging
Bottom of the 7th over - 1 run(s), 2 hit(s), 0 error(s), 1 left on base; Cape Cod 12 - Allentown 3
TOP OF THE 8TH
Cape Cod Clams batting - Pitching for Allentown Hillbillies : LHP Alejandro Castillo
Batting: RHB Brant Sherman 0-0: Called Strike
0-1: SINGLE (Groundball, 6MD)
Batting: SHB Ed Dale 0-0: Sac Bunt - play at first, batter OUT! U3
Brant Sherman to second
Batting: SHB Edgardo Osorio 0-0: Called Strike
0-1: Ball
1-1: Ball
Brant Sherman steals 3rd base
2-1: Ball
3-1: Swinging Strike
3-2: Foul Ball, location: 2F
3-2: Foul Ball, location: 2F
3-2: Foul Ball, location: 2F
3-2: Strikes out looking
Batting: RHB Justin Schultz 0-0: Hit by Pitch
Batting: SHB Rob Grun 0-0: Ball
1-0: Fly out, F7 (Flyball, 78D)
Top of the 8th over - 0 run(s), 1 hit(s), 0 error(s), 2 left on base; Cape Cod 12 - Allentown 3
BOTTOM OF THE 8TH
Allentown Hillbillies batting - Pitching for Cape Cod Clams : RHP Brock Brown
Batting: SHB Oliver Deleón 0-0: Called Strike
0-1: Called Strike
Single, Error in OF, E9, batter to second base
Batting: RHB Millard Stark 0-0: Foul Ball, location: 2F
0-1: Foul Ball, location: 2F
0-2: Strikes out looking
Batting: RHB Enrique Bermúdez 0-0: Called Strike
0-1: Ball
1-1: Foul Ball, location: 2F
1-2: Ball
2-2: Strikes out swinging
Batting: LHB Fernando Ramos 0-0: Swinging Strike
0-1: Ball
1-1: Ball
2-1: 2-RUN HOME RUN (Flyball, 9LD), Distance : 375 ft
Batting: SHB Juan Acevado 0-0: Called Strike
0-1: Ball
1-1: DOUBLE (Flyball, 78XD)
Batting: LHB Rafael Flores 0-0: Ball
1-0: Called Strike
1-1: Ground out 5-3 (Groundball, 5)
Bottom of the 8th over - 2 run(s), 3 hit(s), 1 error(s), 1 left on base; Cape Cod 12 - Allentown 5
TOP OF THE 9TH
Cape Cod Clams batting - Pitching for Allentown Hillbillies : LHP Alejandro Castillo
Batting: RHB Héctor Jiménez 0-0: Ground out 1-3 (Groundball, 15S)
Batting: SHB Andrés Díaz 0-0: Ball
1-0: Foul Ball, location: 2F
1-1: Ball
2-1: Reached on error, E5 (Groundball, 5)
Batting: RHB Ramón Morales 0-0: Foul Ball, location: 2F
0-1: Foul Ball, location: 2F
0-2: Ball
1-2: Ball
2-2: Ball
3-2: SINGLE (Line Drive, 56D)
Andrés Díaz to third
Runner from 3rd tries for Home, SAFE, throw made home
Ramón Morales to second
Batting: RHB Juan Marín 0-0: DOUBLE (Line Drive, 7LS)
Ramón Morales scores
Batting: RHB Brant Sherman 0-0: Swinging Strike
0-1: Foul Ball, location: 2F
0-2: Ball
1-2: Ball
2-2: Strikes out swinging
Batting: SHB Ed Dale 0-0: Called Strike
0-1: Foul Ball, location: 2F
0-2: Fly out, F5 (Line Drive, 5)
Top of the 9th over - 2 run(s), 2 hit(s), 1 error(s), 1 left on base; Cape Cod 14 - Allentown 5
BOTTOM OF THE 9TH
Allentown Hillbillies batting - Pitching for Cape Cod Clams : RHP Brock Brown
Now at SS: Armando Vega
Batting: RHB Chad Huggins 0-0: Swinging Strike
0-1: Called Strike
0-2: Strikes out swinging
Batting: LHB José Esparza 0-0: Swinging Strike
0-1: Ball
1-1: Called Strike
1-2: Foul Ball, location: 2F
1-2: Ball
2-2: Ball
3-2: Base on Balls
Pitching: RHP Tommy Connare
Batting: RHB Diego Rivera 0-0: Ball
1-0: Fielders Choice at 2nd, 6-4 (Groundball, 56)
Batting: SHB Oliver Deleón 0-0: Ball
1-0: Ball
2-0: Called Strike
2-1: Ball
3-1: Base on Balls
Diego Rivera to second
Batting: RHB Millard Stark 0-0: Called Strike
0-1: Ground out 1-3 (Groundball, 4M)
Bottom of the 9th over - 0 run(s), 0 hit(s), 0 error(s), 2 left on base; Cape Cod 14 - Allentown 5
This league is powered by Out of the Park Baseball, the baseball management simulation game for PC, Mac and Linux
Tuesday, August 2nd, 2016 - OOTP Baseball 16.8 Build 38